 Dungeon Crawl Stone Soup version 0.30-a0-930-gb9d0489357 (webtiles) character file.

Game seed: 13750224208709235859

1575 GigaChad the Chopper (level 9, 0/62 HPs)
             Began as a Formicid Fighter on Mar 23, 2023.
             Was a Follower of Hepliaklqana.
             Killed from afar by an electric eel (12 damage)
             ... with a bolt of electricity
             ... on level 6 of the Dungeon.
             The game lasted 00:05:53 (4158 turns).

GigaChad the Chopper (Formicid Fighter)             Turns: 4158, Time: 00:05:54

Health: 0/62       AC:  7    Str: 25    XL:     9   Next: 14%
Magic:  9/9        EV: 16    Int:  8    God:    Hepliaklqana [*.....]
Gold:   384        SH:  5    Dex: 13    Spells: 8/8 levels left

rFire   . . .      SeeInvis +    a - +0 war axe (venom)
rCold   . . .      Faith    .    c - +0 buckler
rNeg    . . .      Spirit   .    b - +0 scale mail
rPois   .          Reflect  .    (helmet unavailable)
rElec   .          Rampage  .    (no cloak)
rCorr   .                        (no gloves)
Will    .....                    (no boots) Stlth
                                 n - amulet of regeneration
HPRegen 1.10/turn                p - +5 ring of evasion
MPRegen 0.11/turn                (no ring)

@: no status effects
A: reduced essence, permanent stasis, dig shafts and tunnels, antennae 3, four
strong arms
a: Dig, Shaft Self, Renounce Religion, Recall Ancestor, Ancestor Identity


You were on level 6 of the Dungeon.
You worshipped Hepliaklqana.
Hepliaklqana was aware of your devotion.
You visited 1 branch of the dungeon, and saw 6 of its levels.

You collected 384 gold pieces.

Inventory:

Hand Weapons
 a - a +0 war axe of venom (weapon)
 x - a +0 morningstar
 y - a +2 halberd of freezing
Missiles
 w - 3 throwing nets
Armour
 b - a +0 scale mail (worn)
 c - a +0 buckler (worn)
Jewellery
 g - an amulet of magic regeneration
 n - an amulet of regeneration (around neck)
 p - a +5 ring of evasion (left hand)
 C - a ring of willpower
Wands
 v - a wand of iceblast (6)
 B - a wand of digging (4)
 F - a wand of flame (21)
Scrolls
 h - 6 scrolls of identify
 j - 2 scrolls of enchant armour {unknown}
 k - 3 scrolls of poison {unknown}
 r - a scroll of vulnerability {unknown}
 t - 3 scrolls of magic mapping {unknown}
 u - 2 scrolls of immolation {unknown}
 z - 5 scrolls of teleportation {unknown}
 A - 3 scrolls of blinking {unknown}
 D - a scroll of amnesia {unknown}
Potions
 d - 3 potions of might
 e - a potion of haste {unknown}
 f - a potion of cancellation {unknown}
 i - 3 potions of curing {unknown}
 l - a potion of degeneration {unknown}
 m - a potion of berserk rage {unknown}
 o - 2 potions of mutation {unknown}
 q - a potion of flight {unknown}
 s - a potion of heal wounds {unknown}
 E - a potion of attraction {unknown}


   Skills:
 * Level 5.6 Fighting
 + Level 7.7 Axes
 + Level 6.1 Armour
 * Level 2.7 Dodging
 * Level 1.3 Stealth
 + Level 5.6 Shields


You had 8 spell levels left.
You didn't know any spells.
Your spell library contained the following spells:

 Spells                   Type           Power      Damage    Failure   Level
 Apportation              Tloc           0%         N/A       75%         1
 Necrotise                Necr           0%         1d4       75%         1
 Summon Small Mammal      Summ           0%         N/A       75%         1
 Dazzling Flash           Conj/Hex       0%         N/A       98%         3
 Iskenderun's Mystic Bla  Conj/Tloc      0%         2d3       100%        4
 Agony                    Necr           0%         N/A       100%        5
 Silence                  Hex/Air        0%         N/A       100%        5
 Starburst                Conj/Fire      0%         6d3       100%        6
 Chain Lightning          Conj/Air       0%         N/A       100%        9
 Fire Storm               Conj/Fire      0%         5d1       100%        9
 Shatter                  Erth           0%         3d5*      100%        9


Dungeon Overview and Level Annotations

Branches:
Dungeon (6/15)             Temple (0/1) D:6

Altars:
Dithmenos
Gozag
Hepliaklqana
Kikubaaqudgha

Shops:
D:3 *


Innate Abilities, Weirdness & Mutations

Your life essence is reduced to manifest your ancestor. (-10% HP)
You cannot be hasted, slowed, berserked, paralysed or teleported.
You can dig through walls and to a lower floor.
You have a pair of large antennae on your head. (SInv)
Your four strong arms can wield two-handed weapons with a shield.


Message History

A sleepcap and an electric eel come into view.
An electric eel comes into view.
The electric eel shoots out a bolt of lightning at you!
The bolt of electricity hits the plant!
The plant begins to die.
The bolt of electricity hits the plant!
The plant begins to die.
The bolt of electricity hits you.
There are monsters nearby!
The electric eel shoots out a bolt of lightning at you!
The bolt of electricity hits the plant!
The plant begins to die.
The bolt of electricity misses you.
The electric eel shoots out a bolt of lightning at you!
The bolt of electricity hits the plant!
The bolt of electricity hits you!
The bolt of electricity hits Thel 'Vadum!
There are monsters nearby!
An electric eel comes into view.
The electric eel shoots out a bolt of lightning at you!
The bolt of electricity hits the plant.
The plant begins to die.
The bolt of electricity hits the plant!
The plant begins to die.
The bolt of electricity hits the electric eel.
The electric eel completely resists.
The bolt of electricity hits the plant!
The bolt of electricity hits you!
The electric eel shoots out a bolt of lightning at you!
The bolt of electricity hits the plant!
The bolt of electricity misses you. The bolt of electricity hits you!
The electric eel shoots out a bolt of lightning at you!
The bolt of electricity hits the plant.
The bolt of electricity misses you.
The bolt of electricity hits Thel 'Vadum!
The electric eel shoots out a bolt of lightning at you!
The bolt of electricity hits the plant! x3; The plant begins to die.
The bolt of electricity hits the plant!
The bolt of electricity hits you!
The electric eel shoots out a bolt of lightning at you!
The bolt of electricity hits the plant! x2; The bolt of electricity hits you!
* * * LOW HITPOINT WARNING * * *
The sleepcap barely misses Thel 'Vadum.
A nearby plant withers and dies. x2; Thel 'Vadum hits the sleepcap.
The sleepcap barely misses Thel 'Vadum.
Thel 'Vadum hits the sleepcap.
The electric eel shoots out a bolt of lightning at you!
The bolt of electricity hits you!
You die...

~~P~~~P... P~~~~~~..#
≈≈~~P~...# ≈≈~~~....#
.# ≈≈~~P~P..# #.#
~~~~SPf..# #.#.#
S~PP~S.R.### #.#.#
P~~~~P~....# #.#.#
###.
~~~~P~~.@.$###.#.##...
♣######.............##
#....###.........
#$....##.....####
#.#######...## ## #.
##.## #. #.# #.# #.
#.# #.# #. #.# ##'##
#.


You could see the friendly Thel 'Vadum the ancestor, a sleepcap and 2 electric
eels.

Vanquished Creatures
  Eustachio (D:5)
  An orc warrior (D:5)
  An ogre (D:3)
  A centaur (D:5)
  A phantom (D:5)
  A scorpion (D:5)
  A howler monkey (D:3)
  2 electric eels (D:6)
  4 jellies (D:5)
  2 orc priests
  4 hounds
  An iguana (D:6)
  Ijyb (D:3)
  3 orc wizards
  19 gnolls (D:3)
  5 adders
  A shadow imp (D:6)
  2 ufetubi
  3 dart slugs
  43 orcs
  10 bats
  4 endoplasms
  4 giant cockroaches
  5 goblins
  3 hobgoblins
  11 jackals (D:3)
  5 kobolds
  A quokka (D:4)
  9 ball pythons
  6 frilled lizards
  5 rats
160 creatures vanquished.

Vanquished Creatures (collateral kills)
  A black bear (D:6)
1 creature vanquished.

Vanquished Creatures (others)
  A human (D:5)
  A fungus (D:3)
  7 plants (D:6)
9 creatures vanquished.

Grand Total: 170 creatures vanquished

Notes
Turn   | Place    | Note
-------+----------+-------------------------------------------
     0 | D:1      | GigaChad the Formicid Fighter began the quest for the Orb.
     0 | D:1      | Reached XP level 1. HP: 18/18 MP: 1/1
   366 | D:1      | Reached XP level 2. HP: 21/24 MP: 2/2
   531 | D:1      | Reached XP level 3. HP: 27/29 MP: 3/3
  1098 | D:2      | Reached XP level 4. HP: 37/37 MP: 4/4
  1556 | D:3      | Reached skill level 3 in Axes
  1610 | D:3      | Noticed Ijyb
  1623 | D:3      | Reached XP level 5. HP: 30/42 MP: 5/5
  1631 | D:3      | Killed Ijyb
  1632 | D:3      | Reached skill level 1 in Dodging
  1723 | D:3      | Found Risieck's Assorted Antiques.
  1824 | D:3      | Reached skill level 4 in Axes
  1824 | D:3      | Reached XP level 6. HP: 48/48 MP: 6/6
  1947 | D:3      | Reached skill level 5 in Shields
  1984 | D:3      | Reached XP level 7. HP: 42/54 MP: 7/7
  2139 | D:3      | Reached skill level 5 in Axes
  2180 | D:3      | Reached skill level 5 in Armour
  2593 | D:4      | Found a shadowy altar of Dithmenos.
  2593 | D:4      | Noticed a shadow
  2598 | D:4      | Found a hazy altar of Hepliaklqana.
  2643 | D:4      | Reached XP level 8. HP: 58/61 MP: 8/8
  2649 | D:4      | Reached skill level 6 in Axes
  3014 | D:4      | Became a worshipper of Hepliaklqana the Forgotten
  3043 | D:5      | Entered Level 5 of the Dungeon
  3103 | D:5      | Reached skill level 5 in Fighting
  3116 | D:5      | Noticed Eustachio
  3130 | D:5      | Killed Eustachio
  3256 | D:5      | Reached skill level 7 in Axes
  3343 | D:5      | Found an opulent altar of Gozag.
  3429 | D:5      | Found an ancient bone altar of Kikubaaqudgha.
  3430 | D:5      | Noticed a human
  3434 | D:5      | Killed a human
  3733 | D:6      | Reached XP level 9. HP: 40/68 MP: 9/9
  3792 | D:6      | Reached * piety under Hepliaklqana
  4022 | D:6      | Found a staircase to the Ecumenical Temple.
  4067 | D:6      | Reached skill level 1 in Stealth
  4158 | D:6      | Killed from afar by an electric eel

Illustrated notes

Levels and vault maps discovered:
D:1:      nicolae_arrival_somewhat_less_tricky_arrival, layout_basic,
          st_stairs_1
D:2:      cheibrodos_helix_gallery, layout_basic, minivault_27
D:3:      lemuel_castle_with_subvaults [lemuel_castle_interior_carwin_1],
          layout_rooms, serial_shops,
          nicolae_shop_temple_entry_statues_fountains, uniq_ijyb
D:4:      layout_cave_pools, riverfiend_overflow_shadow_ancestor
D:5:      layout_cave_pools, tgw_kikubaaqudgha, grunt_gozag_statues,
          hangedman_decor_growths, uniq_eustachio
D:6:      layout_loops_corners, minmay_temple_entry_from_below_a, serial_bayou,
          serial_bayou_lagoon_a, serial_bayou_shore_b, serial_bayou_shore_a,
          serial_bayou_lagoon_b

Skill      XL: |  1  2  3  4  5  6  7  8  9 |
---------------+----------------------------+-----
Axes           | 3 4 5 7 |  7.7
Armour         | 4 5 6 |  6.1
Dodging        | 1 2 |  2.7
Fighting       | 4 5 |  5.6
Shields        | 5 |  5.6
Stealth        | 1 |  1.3

Action                     |  1- 3 |  4- 6 |  7- 9 || total
---------------------------+-------+-------+-------++-------
  Melee: War axe           |    70 |   132 |   172 ||   374
 Invoke: Ancestor Identity |       |       |     1 ||     1
Ability: Dig               |       |       |     3 ||     3
    Use: Scroll            |       |     3 |       ||     3
 Armour: Scale mail        |    34 |    51 |    34 ||   119
  Dodge: Dodged            |    41 |   129 |   138 ||   308
  Block: Buckler           |    24 |    55 |    43 ||   122

Table legend: (Time is in decaauts)
 A = Elapsed time spent in this place.
 B = Non-inter-level travel time spent in this place.
 C = Inter-level travel time spent in this place.
 D = Time resting spent in this place.
 E = Time spent auto-exploring this place.
 F = Levels seen in this place.
 G = Mean time per level.
                   A        B        C        D        E       F      G
               +--------+--------+--------+--------+--------+-----+--------+
         Total |   4282 |   4122 |    160 |    130 |   2982 |   6 |  713.7 |
       Dungeon |   4282 |   4122 |    160 |    130 |   2982 |   6 |  713.7 |
               +--------+--------+--------+--------+--------+-----+--------+

Top non-repeatable levels by time:
     D:3: 966 daAuts
     D:1: 886 daAuts
     D:2: 692 daAuts
     D:5: 665 daAuts
     D:4: 601 daAuts
     D:6: 470 daAuts
